 Dungeon Crawl Stone Soup version 0.32-a0-711-g016ad743e0 (webtiles) character file.

Game seed: 7753894661432951946

135 pokeman the Magician (level 4, 0/25 HPs)
             Began as a Deep Elf Hedge Wizard on Mar 15, 2024.
             Hit by a boomerang thrown by an orc (4 damage)
             ... on level 3 of the Dungeon.
             The game lasted 00:04:27 (2873 turns).

pokeman the Magician (Deep Elf Hedge Wizard)        Turns: 2873, Time: 00:04:27

Health: 0/25       AC:  3    Str:  7    XL:     4   Next: 97%
Magic:  2/14       EV: 12    Int: 21    God:
Gold:   115        SH:  5    Dex: 14    Spells: 7/15 levels left

rFire   . . .        r - +0 long sword (holy)
rCold   . . .        (no shield)
rNeg    . . .        b - +0 robe
rPois   .            c - +0 hat
rElec   .            (no cloak)
rCorr   .            (no gloves)
SInv    .            h - +0 pair of boots
Will    .....        m - amulet of reflection
Stlth   ++           (no ring)
HPRegen 0.24/turn    (no ring)
MPRegen 0.14/turn

%: reflection
@: very slightly contaminated
A: no striking features
a: no special abilities


You were on level 3 of the Dungeon.
You visited 1 branch of the dungeon, and saw 3 of its levels.

You collected 115 gold pieces.

Inventory:

Hand Weapons
 r - a +0 long sword of holy wrath (weapon)
Armour
 b - a +0 robe (worn)
 c - a +0 hat (worn)
 h - a +0 pair of boots (worn)
 q - a +2 buckler
Jewellery
 m - an amulet of reflection (around neck)
Scrolls
 e - a scroll of fog {unknown}
 f - 3 scrolls of noise {unknown}
 i - 2 scrolls of fear {unknown}
 j - a scroll of identify {unknown}
 n - a scroll of enchant armour {unknown}
Potions
 d - a potion of magic
 g - a potion of curing {unknown}
 k - a potion of might {unknown}
 l - a potion of ambrosia {unknown}
 o - a potion of heal wounds {unknown}
 p - a potion of degeneration {unknown}


   Skills:
 - Level 1.0 Fighting
 - Level 1.0 Armour
 + Level 2.9 Dodging
 - Level 3.0 Stealth
 * Level 6.0 Spellcasting
 + Level 2.4 Conjurations
 - Level 1.1 Summonings
 - Level 1.1 Translocations
 + Level 0.2 Alchemy


You had 7 spell levels left.
You knew the following spells:

 Your Spells              Type           Power      Damage    Failure   Level
a - Magic Dart            Conj           64%        1d6       3%          1
b - Mephitic Cloud        Conj/Alch/Air  10%        N/A       21%         3
c - Call Imp              Summ           20%        N/A       10%         2
d - Blink                 Tloc           20%        N/A       10%         2

Your spell library contained the following spells:

 Spells                   Type           Power      Damage    Failure   Level
 Slow                     Hex            24%        N/A       10%         1
 Cigotuvi's Dreadful Rot  Necr/Alch/Air  12%        N/A       14%         2
 Call Canine Familiar     Summ           10%        N/A       19%         3
 Sigil of Binding         Hex            6%         N/A       28%         3
 Dimensional Bullseye     Hex/Tloc       4%         N/A       61%         4


Dungeon Overview and Level Annotations

Branches:
Dungeon (3/15)

Altars:


Message History

The orc hits you with a +0 falchion.
You hit the orc.
You kill the orc!
Casting: Magic Dart (safe; 3% risk of failure)
Confirm with . or Enter, or press ? or * to list all spells.
Aiming: Mephitic Cloud (extremely dangerous; 21% risk of failure)
Press: ? - help, Shift-Dir - straight line, f - orc
Aim: an orc, wielding a +0 falchion, wearing a +0 leather armour and quivering boomerangs (chance to affect: 96%)
You miscast Mephitic Cloud.
You are very lightly contaminated with residual magic.
You feel a sudden electric shock.
An orc comes into view. It is wielding a +0 hand axe.
The orc throws a boomerang.
The boomerang closely misses you.
Casting: Mephitic Cloud (extremely dangerous; 21% risk of failure)
Confirm with . or Enter, or press ? or * to list all spells.
Aiming: Mephitic Cloud (extremely dangerous; 21% risk of failure)
Press: ? - help, Shift-Dir - straight line, f/p - orc
Aim: an orc, wielding a +0 falchion, wearing a +0 leather armour and quivering boomerangs (chance to affect: 96%)
The ball explodes into a vile cloud!
The stinking cloud engulfs the orc.
Something closely misses the orc.
The orc is engulfed in noxious fumes.
The orc appears confused.
The orc asks, "Where am I?"
Unknown command.
Unknown command.
Unknown command.
The orc hits you with a +0 falchion.
You hit the orc but do no damage. Something hits you but does no damage.
The orc throws a boomerang.
The boomerang hits you.
* * * LOW HITPOINT WARNING * * *
Unknown command.
You hit the orc.
The orc is moderately wounded.
The adder is engulfed in noxious fumes.
The adder appears confused.
The adder barely misses something.
Something hits you.
* * * LOW HITPOINT WARNING * * *
The orc is engulfed in noxious fumes.
The orc appears confused.
The adder is engulfed in noxious fumes.
The adder appears confused.
The adder barely misses something.
Something hits the adder.
The orc throws a boomerang.
The boomerang hits you.
You die...

########.########
...............#
...#...###...#.#
#...........#.#
#.....##....#.#
#..... #.##.#.#
##..... #.##.#.#
.......##.##.#)#
.....o..@......#
.....)§○)....###
....o°S##.####
#)...°o #.#
+...... #.#
#...... #.#
...##+# #.# ...
..#


You could see an adder (confused) and 3 orcs.

Vanquished Creatures
  4 gnolls
  4 adders
  2 dart slugs
  A ribbon worm (D:2)
  An orc (D:3)
  5 ball pythons
  5 bats
  5 endoplasms
  4 giant cockroaches
  5 hobgoblins
  4 quokkas
  2 frilled lizards
  3 goblins
  4 kobolds
  5 rats
54 creatures vanquished.

Notes
Turn   | Place    | Note
-------+----------+-------------------------------------------
     0 | D:1      | pokeman the Deep Elf Hedge Wizard began the quest for the
                  | Orb.
     0 | D:1      | Reached XP level 1. HP: 10/10 MP: 7/7
   275 | D:1      | Reached XP level 2. HP: 16/16 MP: 7/9
  1064 | D:1      | Reached skill level 5 in Spellcasting
  1064 | D:1      | Reached XP level 3. HP: 19/20 MP: 1/11
  1068 | D:1      | Learned a level 3 spell: Mephitic Cloud
  1071 | D:1      | Learned a level 2 spell: Call Imp
  1074 | D:1      | Learned a level 2 spell: Blink
  1600 | D:2      | Reached skill level 1 in Armour
  1764 | D:2      | Found a faded altar of an unknown god.
  1840 | D:2      | Reached skill level 1 in Fighting
  1972 | D:2      | Reached XP level 4. HP: 21/25 MP: 3/13
  2855 | D:3      | Reached skill level 6 in Spellcasting
  2873 | D:3      | Hit by a boomerang thrown by an orc

Illustrated notes

Levels and vault maps discovered:
D:1:      dpeg_arrival_three_bigger_balls, layout_loops_corners
D:2:      layout_basic, shapermc_ecumenical_altar_notcrosses, minmay_unequal
D:3:      layout_basic, lemuel_tele_altar

Skill      XL: |  1  2  3  4 |
---------------+-------------+-----
Spellcasting   | 5 6 |  6.0
Armour         | 1 |  1.0
Fighting       | 1 |  1.0
Conjurations   | 2 |  2.4
Stealth        | 3 |  3.0
Dodging        | |  2.9
Summonings     | |  1.1
Translocations | |  1.1
Alchemy        | |  0.2

Action                     |  1- 3 |  4- 6 || total
---------------------------+-------+-------++-------
  Melee: Dagger            |     4 |    10 ||    14
         Long sword        |       |     6 ||     6
   Cast: Magic Dart        |    98 |    35 ||   133
         Mephitic Cloud    |     1 |     3 ||     4
   Stab: Confused          |       |     3 ||     3
 Armour: Robe              |    18 |    10 ||    28
  Dodge: Dodged            |    15 |     4 ||    19
  Block: Other             |     1 |     4 ||     5
         Reflection        |       |     1 ||     1

Table legend: (Time is in decaauts)
 A = Elapsed time spent in this place.
 B = Non-inter-level travel time spent in this place.
 C = Inter-level travel time spent in this place.
 D = Time resting spent in this place.
 E = Time spent auto-exploring this place.
 F = Levels seen in this place.
 G = Mean time per level.
                   A        B        C        D        E       F      G
               +--------+--------+--------+--------+--------+-----+--------+
         Total |   2874 |   2800 |     74 |      0 |   2494 |   3 |  958.0 |
       Dungeon |   2874 |   2800 |     74 |      0 |   2494 |   3 |  958.0 |
               +--------+--------+--------+--------+--------+-----+--------+

Top non-repeatable levels by time:
     D:2: 1351 daAuts
     D:1: 1343 daAuts
     D:3: 179 daAuts
